 Dungeon Crawl Stone Soup version 0.30-a0-371-gad7725a93e (webtiles) character file.

Game seed: 13870587031905054812

1205 jfcaron the Poker (level 8, -5/55 (64) HPs)
             Began as a Gnoll Reaver on Nov 20, 2022.
             Was an Initiate of Cheibriados.
             Splashed by a jelly's acid (9 damage)
             ... on level 5 of the Dungeon.
             The game lasted 00:16:05 (6081 turns).

jfcaron the Poker (Gnoll Reaver)                    Turns: 6081, Time: 00:16:07

HP:   -5/55 (64)    AC: -10   Str: 14    XL:     8   Next: 45%
MP:   14/17         EV: 12    Int: 14    God:    Cheibriados [......]
Gold: 63            SH:  0    Dex: 12    Spells: 13/19 levels left

rFire   . . .      SeeInvis +    q - +0 trident
rCold   . . .      Faith    .    (no shield)
rNeg    . . .      Spirit   .    p - +0 ring mail
rPois   .          Reflect  .    (no helmet)
rElec   .          Harm     .    (no cloak)
rCorr   .          Rampage  .    (no gloves)
Will    .....                    (no boots)
Stlth   ++........               (no amulet)
HPRegen 0.29/turn                w - ring of see invisible
MPRegen 0.15/turn                (no ring)

@: corroded, heavily drained, very slow
A: fangs 1, strong nose, distributed training
a: Renounce Religion


You were on level 5 of the Dungeon.
You worshipped Cheibriados.
Cheibriados was noncommittal.
You visited 1 branch of the dungeon, and saw 5 of its levels.
You also visited: Sewer.

You collected 228 gold pieces.
You spent 165 gold pieces at shops.

Inventory:

Hand Weapons
 a - a +0 spear
 n - a +0 rapier
 o - a +2 dagger of protection
 q - a +0 trident (weapon)
 u - a +2 dagger of draining
Missiles
 c - 23 poisoned darts
 d - a throwing net {!f}
 h - 33 stones
 k - a boomerang
Armour
 b - a +0 leather armour
 p - a +0 ring mail (worn)
Magical Staves
 i - a staff of death
 t - a staff of cold
Jewellery
 w - a ring of see invisible (left hand)
Scrolls
 f - a scroll of fog {unknown}
 g - a scroll of teleportation
 j - 2 scrolls of enchant armour
 r - a scroll of torment {unknown}
 s - a scroll of magic mapping {unknown}
Potions
 e - a potion of heal wounds
 l - a potion of resistance
 m - 4 potions of curing
 v - a potion of cancellation


   Skills:
 + Level 5.8 Fighting
 + Level 3.4 Short Blades
 + Level 3.4 Long Blades
 + Level 3.4 Axes
 + Level 3.4 Maces & Flails
 + Level 7.4 Polearms
 + Level 3.4 Staves
 + Level 3.4 Ranged Weapons
 + Level 3.4 Throwing
 + Level 3.4 Armour
 + Level 5.8 Dodging
 + Level 3.4 Stealth
 + Level 3.4 Shields
 + Level 3.4 Unarmed Combat
 + Level 6.1 Spellcasting
 + Level 6.2 Conjurations
 + Level 2.8 Hexes
 + Level 2.8 Summonings
 + Level 2.8 Necromancy
 + Level 2.8 Translocations
 + Level 2.8 Transmutations
 + Level 2.8 Fire Magic
 + Level 2.8 Ice Magic
 + Level 2.8 Air Magic
 + Level 2.8 Earth Magic
 + Level 2.8 Poison Magic
 + Level 3.7 Invocations
 + Level 3.4 Evocations


You had 13 spell levels left.
You knew the following spells:

 Your Spells              Type           Power      Damage    Failure   Level
a - Kiss of Death         Conj/Necr      64%        2d10      4%          1
b - Momentum Strike       Conj/Tloc      32%        3d8       8%          2
c - Magic Dart            Conj           84%        1d7       2%          1
d - Call Imp              Summ           12%        N/A       14%         2

Your spell library contained the following spells:

 Spells                   Type           Power      Damage    Failure   Level
 Hailstorm                Conj/Ice       16%        3d6       14%         3
 Mephitic Cloud           Conj/Pois/Air  15%        N/A       19%         3
 Summon Lightning Spire   Summ/Air       12%        N/A       67%         4
 Storm Form               Tmut/Air       6%         N/A       100%        7
 Maxwell's Capacitive Co  Air            6%         ∞         100%        8


Dungeon Overview and Level Annotations

Branches:
Dungeon (5/15)              Sewer (visited)
 Temple: D:4-7

Altars:
Cheibriados
Gozag
Hepliaklqana
Okawaru
Qazlal
Ru
Yredelemnul

Shops:
D:4 =

Annotations:
D:5 exclusions: 4 doors and 2 more exclusions


Innate Abilities, Weirdness & Mutations

You have very sharp teeth.
Your uncanny sense of smell can sniff out nearby items.
Your experience applies equally to all skills.


Message History

The jelly hits you. The acid corrodes you!
You are splashed with acid.
You hit the jelly but do no damage.
Your hands burn!
The jelly is moderately wounded.
The jelly misses you.
You hit the jelly but do no damage.
Your hands burn!
The jelly is moderately wounded.
The jelly completely misses you.
You are too injured to fight recklessly!
You are too injured to fight recklessly!
You are too injured to fight recklessly!
You hit the jelly.
Your hands burn!
The jelly is heavily wounded.
The jelly hits you. The acid corrodes you!
You are splashed with acid!
* * * LOW HITPOINT WARNING * * *
Casting: Magic Dart (safe; 2% risk of failure)
Confirm with . or Enter, or press ? or * to list all spells.
Aiming: Kiss of Death (safe; 4% risk of failure)
Press: ? - help, Shift-Dir - straight line, f/p - jelly
Aim: a jelly (heavily wounded, 100% to hit)
The negative energy hits the jelly!
The jelly is drained!
The jelly is severely wounded.
You feel drained. The jelly hits you.
* * * LOW HITPOINT WARNING * * *
The acid corrodes you!
You are splashed with acid.
* * * LOW HITPOINT WARNING * * *
You aren't carrying any items that you can evoke.
Okay, then.
Unknown command.
Press: ? - help, v - describe, . - travel
Here: a jelly (severely wounded, heavily drained)
The floor.
Unknown command.
Unknown command.
You hit the jelly. The acid corrodes you!
Your hands burn!
* * * LOW HITPOINT WARNING * * *
The jelly is severely wounded.
The jelly hits you.
* * * LOW HITPOINT WARNING * * *
You are splashed with acid!
You die...

.#....####.... #.............
.#............ .###.###.##....
##............ .##.......#...)
#####....##.# #.##.......#....
#....# ...........#.... #....#
..######...#....
######....#######..# #...##...
................#'###
∆#....####
................@...# #....#
.................J..+ #....#
....................######'###
..........................##
.#'##...........##.#......#
.#..##'###......'..#......#
.#.......#......#..#......#
.#.......#......#÷.#....###
.#.......#....###..#....#


You could see a jelly (very drained).

Vanquished Creatures
  Grinder (D:4)
  A yak (D:5)
  A wyvern (D:4)
  A phantom (D:4)
  A kobold brigand (Sewer)
  2 scorpions
  3 jellies (D:5)
  An iguana (D:4)
  8 gnolls (D:4)
  12 adders
  2 ufetubi (D:4)
  4 worms
  5 dart slugs
  5 orcs (D:3)
  10 ball pythons
  3 bats
  7 endoplasms
  2 giant cockroaches (D:1)
  7 goblins
  10 hobgoblins
  7 jackals
  4 quokkas
  A frilled lizard (D:3)
  13 kobolds
  12 rats
  6 plants (D:1)
129 creatures vanquished.

Notes
Turn   | Place    | Note
-------+----------+-------------------------------------------
     0 | D:1      | jfcaron the Gnoll Reaver began the quest for the Orb.
     0 | D:1      | Reached XP level 1. HP: 20/20 MP: 6/6
   377 | D:1      | Reached XP level 2. HP: 26/26 MP: 7/7
   380 | D:1      | Learned a level 2 spell: Momentum Strike
   952 | D:1      | Learned a level 1 spell: Magic Dart
   972 | D:2      | Reached skill level 5 in Spellcasting
   972 | D:2      | Reached XP level 3. HP: 31/31 MP: 6/9
  1070 | D:2      | Reached skill level 1 in Invocations
  1220 | D:2      | Reached skill level 1 in Short Blades
  1220 | D:2      | Reached skill level 1 in Long Blades
  1220 | D:2      | Reached skill level 1 in Axes
  1220 | D:2      | Reached skill level 1 in Maces & Flails
  1220 | D:2      | Reached skill level 1 in Staves
  1220 | D:2      | Reached skill level 1 in Ranged Weapons
  1220 | D:2      | Reached skill level 1 in Throwing
  1220 | D:2      | Reached skill level 1 in Armour
  1220 | D:2      | Reached skill level 1 in Stealth
  1220 | D:2      | Reached skill level 1 in Shields
  1220 | D:2      | Reached skill level 1 in Unarmed Combat
  1220 | D:2      | Reached skill level 1 in Evocations
  1400 | D:2      | Reached XP level 4. HP: 38/38 MP: 8/11
  1456 | D:2      | Reached skill level 1 in Hexes
  1456 | D:2      | Reached skill level 1 in Summonings
  1456 | D:2      | Reached skill level 1 in Necromancy
  1456 | D:2      | Reached skill level 1 in Translocations
  1456 | D:2      | Reached skill level 1 in Transmutations
  1456 | D:2      | Reached skill level 1 in Fire Magic
  1456 | D:2      | Reached skill level 1 in Ice Magic
  1456 | D:2      | Reached skill level 1 in Air Magic
  1456 | D:2      | Reached skill level 1 in Earth Magic
  1456 | D:2      | Reached skill level 1 in Poison Magic
  2130 | D:3      | Noticed a scorpion
  2164 | D:3      | HP: 6/33 [poisoned by a scorpion]
  2165 | D:3      | Killed a scorpion
  2166 | D:3      | Reached XP level 5. HP: 20/43 MP: 12/12
  2399 | D:3      | Learned a level 2 spell: Call Imp
  2412 | D:3      | Found a hazy altar of Hepliaklqana.
  2789 | D:4      | Reached XP level 6. HP: 45/45 MP: 9/13
  2825 | D:4      | Noticed a wyvern
  2879 | D:4      | Found a glowing drain.
  2883 | Sewer    | Entered a sewer
  3107 | Sewer    | Reached skill level 5 in Fighting
  3107 | Sewer    | Reached skill level 5 in Dodging
  3194 | Sewer    | HP: 9/48 [kobold brigand/+0 dagger (4)]
  3705 | D:4      | HP: 5/46 [wyvern (13)]
  3705 | D:4      | Killed a wyvern
  3706 | D:4      | Reached skill level 7 in Polearms
  3706 | D:4      | Reached XP level 7. HP: 5/56 MP: 15/15
  3889 | D:4      | Found Soxaqor's Jewellery Shoppe.
  4029 | D:4      | Noticed Grinder
  4069 | D:4      | Paralysed by Grinder for 3 turns
  4075 | D:4      | Killed Grinder
  4634 | D:4      | Reached XP level 8. HP: 20/63 MP: 13/16
  4980 | D:4      | Found a sacrificial altar of Ru.
  4981 | D:4      | Found an opulent altar of Gozag.
  4981 | D:4      | Found a stormy altar of Qazlal.
  4981 | D:4      | Found a basalt altar of Yredelemnul.
  4983 | D:4      | Found a snail-covered altar of Cheibriados.
  4986 | D:4      | Found an iron altar of Okawaru.
  4992 | D:4      | Became a worshipper of Cheibriados the Contemplative
  5159 | D:4      | Bought a ring of see invisible for 165 gold pieces
  5228 | D:5      | Entered Level 5 of the Dungeon
  5483 | D:5      | Noticed a yak
  5483 | D:5      | Noticed a yak
  5484 | D:5      | Noticed a yak
  5514 | D:5      | Killed a yak
  5520 | D:5      | HP: 12/63 [yak (13)]
  5521 | D:5      | Noticed a yak
  5521 | D:5      | Noticed a yak
  6080 | D:5      | HP: 10/55 [acid (6)]
  6081 | D:5      | HP: 4/55 [jelly (2)]
  6081 | D:5      | Splashed by a jelly's acid

Illustrated notes

Levels and vault maps discovered:
D:1:      minmay_arrival_diagonal_passages, layout_loops_ring, serial_forest,
          infiniplex_forest_end_3, infiniplex_forest_clump_double,
          infiniplex_forest_straight_2, infiniplex_forest_end_3,
          infiniplex_forest_end_3, infiniplex_forest_clump_long,
          minmay_misc_feat_five, grunt_decor_junction
D:2:      minmay_evil_eye, layout_loops_ring, grunt_ministairs_8
D:3:      layout_rooms, mainiacjoe_overflow_small_starburst
D:4:      layout_loops_cross, minitemple, serial_shops,
          nicolae_inconvenience_store, gup_sewer_entry_spiral,
          minmay_close_crescents, uniq_grinder
D:5:      layout_gridville, nicolae_elevator_lobby_plus

Skill      XL: |  1  2  3  4  5  6  7  8 |
---------------+-------------------------+-----
Spellcasting   | 5 6 |  6.1
Invocations    | 1 2 3 |  3.7
Short Blades   | 1 2 3 |  3.4
Long Blades    | 1 2 3 |  3.4
Axes           | 1 2 3 |  3.4
Maces & Flails | 1 2 3 |  3.4
Staves         | 1 2 3 |  3.4
Ranged Weapons | 1 2 3 |  3.4
Throwing       | 1 2 3 |  3.4
Armour         | 1 2 3 |  3.4
Stealth        | 1 2 3 |  3.4
Shields        | 1 2 3 |  3.4
Unarmed Combat | 1 2 3 |  3.4
Evocations     | 1 2 3 |  3.4
Hexes          | 1 2 |  2.8
Summonings     | 1 2 |  2.8
Necromancy     | 1 2 |  2.8
Translocations | 1 2 |  2.8
Transmutations | 1 2 |  2.8
Fire Magic     | 1 2 |  2.8
Ice Magic      | 1 2 |  2.8
Air Magic      | 1 2 |  2.8
Earth Magic    | 1 2 |  2.8
Poison Magic   | 1 2 |  2.8
Fighting       | 5 |  5.8
Dodging        | 5 |  5.8
Polearms       | 7 |  7.4
Conjurations   | 6 |  6.2

Action                   |  1- 3 |  4- 6 |  7- 9 || total
-------------------------+-------+-------+-------++-------
Melee: Spear             |    64 |   139 |    53 ||   256
       Bite              |     6 |     8 |    12 ||    26
       Punch             |     1 |     4 |     5 ||    10
       Trident           |       |       |    79 ||    79
Throw: Dart              |       |     6 |     2 ||     8
 Cast: Magic Dart        |    26 |    98 |    69 ||   193
       Kiss of Death     |       |     3 |     1 ||     4
       Call Imp          |       |       |     1 ||     1
  Use: Potion            |       |     5 |     4 ||     9
       Scroll            |       |     8 |     2 ||    10
 Stab: Sleeping          |     1 |       |       ||     1
Armor: Leather armour    |     5 |    17 |       ||    22
       Ring mail         |       |    10 |    14 ||    24
       Skin              |       |       |    13 ||    13
Dodge: Dodged            |    23 |    71 |    46 ||   140

Table legend: (Time is in decaauts)
 A = Elapsed time spent in this place.
 B = Non-inter-level travel time spent in this place.
 C = Inter-level travel time spent in this place.
 D = Time resting spent in this place.
 E = Time spent auto-exploring this place.
 F = Levels seen in this place.
 G = Mean time per level.
                   A        B        C        D        E       F      G
               +--------+--------+--------+--------+--------+-----+--------+
         Total |   6280 |   5786 |    494 |   1121 |   3706 |   6 | 1046.7 |
       Dungeon |   5665 |   5171 |    494 |    967 |   3395 |   5 | 1133.0 |
         Sewer |    615 |    615 |      0 |    154 |    310 |   1 |  615.0 |
               +--------+--------+--------+--------+--------+-----+--------+

Top non-repeatable levels by time:
     D:4: 1961 daAuts
     D:2: 1013 daAuts
     D:1: 950 daAuts
     D:5: 945 daAuts
     D:3: 795 daAuts
   Sewer: 615 daAuts
